 Dungeon Crawl Stone Soup version 0.27-b1-41-gafb5482f4b (webtiles) character file.

Game seed: 1520150846976837522

17 Acheron the Stinger (level 2, -4/16 HPs)
             Began as a Gargoyle Venom Mage on July 28, 2021.
             Was a Follower of Okawaru.
             Shot with a sling bullet by a goblin (6 damage)
             ... led by Robin
             ... on level 2 of the Dungeon.
             The game lasted 00:05:07 (1231 turns).

Acheron the Stinger (Gargoyle Venom Mage)           Turns: 1231, Time: 00:05:10

Health: -4/16      AC:  4    Str: 11    XL:     2   Next: 62%
Magic:  5/5        EV: 12    Int: 15    God:    Okawaru [*.....]
Gold:   15         SH:  0    Dex: 10    Spells: 4/5 levels left

rFire    . . .     SeeInvis .   d - +1 war axe (vorpal)
rCold    . . .     Faith    .   (no shield)
rNeg     + . .     Spirit   .   a - +0 robe
rPois    ∞         Reflect  .   (no helmet)
rElec    +         Harm     .   (no cloak)
rCorr    .         Rampage  .   (no gloves)
Will     .....                  (no boots)
Stlth    ++........             (no amulet)
HPRegen  0.05/turn              (no ring)
MPRegen  0.09/turn              (no ring)

@: no status effects
A: sickness immunity, AC +2, negative energy resistance 1, electricity
resistance, torment resistance 1, petrification resistance
a: Renounce Religion, Heroism


You were on level 2 of the Dungeon.
You worshipped Okawaru.
Okawaru was aware of your devotion.
You visited 1 branch of the dungeon, and saw 2 of its levels.

You collected 15 gold pieces.

Inventory:

Hand Weapons
 d - a +1 vorpal war axe (weapon)
Missiles
 b - 18 sling bullets
Armour
 a - a +0 robe (worn)
 c - a +0 ring mail
Potions
 e - a potion of ambrosia {unknown}


   Skills:
 * Level 0.7 Fighting
 * Level 1.6 Dodging
 * Level 2.1 Stealth
 + Level 0.5 Unarmed Combat
 + Level 2.2 Spellcasting
 + Level 0.7 Transmutations
 + Level 3.2 Poison Magic
 * Level 0.6 Invocations


You had 4 spell levels left.
You knew the following spells:

 Your Spells              Type           Power      Damage    Failure   Level
a - Sting                 Tmut/Pois      28%        1d4       10%         1

Your spell library contained the following spells:

 Spells                   Type           Power      Damage    Failure   Level
 Poisonous Vapours        Pois/Air       12%        N/A       17%         2
 Mephitic Cloud           Conj/Pois/Air  4%         N/A       38%         3
 Olgreb's Toxic Radiance  Pois           11%        N/A       50%         4


Dungeon Overview and Level Annotations

Branches:
Dungeon (2/15)

Altars:
Okawaru


Innate Abilities, Weirdness & Mutations

You are immune to sickness and miasma.
Your stone body is resilient. (AC +2)
You are immune to poison.
You resist negative energy. (rN+)
You are resistant to electric shocks. (rElec)
You are resistant to unholy torment.
You are immune to petrification.


Message History

You hit the quokka. The quokka misses you.
The quokka bites you but does no damage.
The hobgoblin hits you.
You closely miss the hobgoblin. You hit the quokka.
You kill the quokka!
Okawaru accepts your kill.
The endoplasm quivers.
The hobgoblin closely misses you.
You slash the hobgoblin!
You kill the hobgoblin!
Okawaru accepts your kill.
You barely miss the hobgoblin. The hobgoblin hits you. The endoplasm hits you.
You barely miss the hobgoblin. You hit the endoplasm but do no damage.
The hobgoblin barely misses you. The endoplasm closely misses you.
The hobgoblin barely misses you.
You closely miss the hobgoblin. You barely miss the endoplasm.
The endoplasm hits you but does no damage.
The hobgoblin barely misses you. The endoplasm freezes you.
You are frozen.
* * * LOW HITPOINT WARNING * * *
You slash the hobgoblin!
You kill the hobgoblin!
Okawaru accepts your kill.
You hit the endoplasm.
The goblin unwields a +0 club.
The goblin wields a +0 hunting sling.
The goblin shoots a sling bullet.
The sling bullet barely misses you. The endoplasm misses you.
You slash the goblin!
You kill the goblin!
Okawaru accepts your kill.
You hit the endoplasm.
You kill the endoplasm!
Okawaru accepts your kill.
You hit the hobgoblin.
You kill the hobgoblin!
Okawaru accepts your kill.
The goblin shoots a sling bullet.
The sling bullet hits you.
* * * LOW HITPOINT WARNING * * *
The goblin shoots a sling bullet.
The sling bullet hits you.
You die...

#≈≈≈≈≈##########......#
#≈≈#######≈≈≈≈≈≈......#
≈≈#≈≈≈≈≈≈≈≈≈≈###..#####
##############...##
#.....#######
###.#.....gg..#
.......g#####.g>...#
....###)# ####gg.# ####
#@# g.# #.# .# #.# .#
... g ... ..... (....
.......


You could see a goblin.

Vanquished Creatures
  2 bats (D:1)
  2 endoplasms
  2 goblins (D:2)
  4 hobgoblins
  3 quokkas
  A ball python (D:1)
14 creatures vanquished.

Notes
Turn   | Place    | Note
-------+----------+-------------------------------------------
     0 | D:1      | Acheron the Gargoyle Venom Mage began the quest for the
                  | Orb.
     0 | D:1      | Reached XP level 1. HP: 10/10 MP: 3/3
    40 | D:1      | Found a faded altar of an unknown god.
    82 | D:1      | Became a worshipper of Warmaster Okawaru
    82 | D:1      | Reached * piety under Okawaru
   803 | D:1      | Reached XP level 2. HP: 5/16 MP: 1/5
  1231 | D:2      | Shot with a sling bullet by a goblin

Illustrated notes

Levels and vault maps discovered:
D:1:      dpeg_arrival_arbitrary_c, layout_loops_corners,
          hellmonk_ecumenical_altar_pennies_from_heaven, serial_forest,
          infiniplex_forest_straight_5, infiniplex_forest_pool,
          infiniplex_forest_clump_long, infiniplex_forest_clump_cross,
          infiniplex_forest_end_3, infiniplex_forest_lined_2
D:2:      layout_rooms, chequers_serial_rivers_large_b, st_stairs_4,
          dk_noncrumbling_2, grunt_decor_junction, uniq_robin

Action                   || total
-------------------------++-------
Melee: Unarmed           ||    31
       War axe           ||    13
 Cast: Sting             ||    12
 Stab: Sleeping          ||     2
Armor: Robe              ||    10
Dodge: Dodged            ||    36
